Match 46190743
Unlisted

Match 46190743
End
Royal Engineer Section
Vickers Machine Gun Team
Selects Indian Artillery Battlegroup
Selects Indian Artillery Battlegroup
Royal Engineer Section
Construct Section Command Post
Selects War Cry
Infantry Section
Infantry Section
Construct Field Infirmary
Selects Gurkha Rifles Section
Construct Platoon Command Post
Humber Armored Car
Infantry Training
Gurkha Rifles Section
Grenade Package
Gurkha Rifles Section
Selects Volunteer Infantry
Construct Company Command Post
Selects Artillery Saturation
War Cry
Matilda II Heavy Tank
Selects Off-map Airburst Barrage
War Cry
Selects Perimeter Monitor
Matilda II Heavy Tank
Off-map Airburst Barrage
Armored Vehicle Training
CAuMOH
Ashur
Gear-IV-G
Eilte
0
0

Comments sign in to comment!

No comments posted yet!